 Dungeon Crawl Stone Soup version 0.27.1-33-g824d729ab1 (webtiles) character file.

Game seed: 6286047457432641446

39 Descartes the Grasshopper (level 3, 0/16 HPs)
             Began as a Felid Warper on Dec 9, 2021.
             Slain by a jackal (3 damage)
             ... on level 2 of the Dungeon.
             The game lasted 00:03:05 (2261 turns).

Descartes the Grasshopper (Felid Warper)            Turns: 2261, Time: 00:03:06

Health: 0/16       AC:  1    Str:  8    XL:     3   Next: 26%
Magic:  7/7        EV: 18    Int: 14    God:
Gold:   68         SH:  0    Dex: 15    Spells: 6/6 levels left
                                        Lives:  0   Deaths: 0

rFire    . . .     SeeInvis +     - Unarmed
rCold    . . .     Faith    .   (shield unavailable)
rNeg     . . .     Spirit   .   (armour unavailable)
rPois    .         Reflect  .   (helmet unavailable)
rElec    .         Harm     .   (cloak unavailable)
rCorr    .         Rampage  .   (gloves unavailable)
Will     .....                  (boots unavailable)
Stlth    ++........             (no amulet)
HPRegen  0.05/turn              (no ring)
MPRegen  0.10/turn              (no ring)

@: quick
A: very small, claws 1, fangs 3, see invisible, speed 1, shaggy fur 1, stealthy
paws, no weapons or thrown items, no armour, multi-lived
a: no special abilities


You were on level 2 of the Dungeon.
You visited 1 branch of the dungeon, and saw 2 of its levels.

You collected 68 gold pieces.

Inventory:

Missiles
 d - 26 stones
Scrolls
 a - 2 scrolls of blinking
 b - a scroll of vulnerability {unknown}
 c - a scroll of noise {unknown}
 e - a scroll of enchant armour {unknown}
 f - a scroll of identify {unknown}


   Skills:
 - Level 2.0 Fighting
 * Level 4.1 Dodging
 + Level 1.7 Stealth
 * Level 2.8 Unarmed Combat
 - Level 2.0 Spellcasting
 + Level 4.4 Translocations


You had 6 spell levels left.
You didn't know any spells.
Your spell library contained the following spells:

 Spells                   Type           Power      Damage    Failure   Level
 Blink                    Tloc           N/A        N/A       6%          2
 Gell's Gravitas          Tloc           6%         N/A       12%         3
 Lesser Beckoning         Tloc           6%         N/A       12%         3
 Teleport Other           Tloc           13%        N/A       12%         3
 Manifold Assault         Tloc           13%        N/A       71%         5


Dungeon Overview and Level Annotations

Branches:
Dungeon (2/15)

Altars:
Xom


Innate Abilities, Weirdness & Mutations

You have sharp claws.
You have razor-sharp teeth.
You have supernaturally acute eyesight. (SInv)
You cover ground quickly. (Speed+)
You are covered in fur. (AC +1)
Your paws help you pounce on unaware monsters.
You are incapable of wielding weapons or throwing items.
You cannot wear armour.
You gain extra lives every three experience levels.


Message History

You are too injured to fight recklessly!
You are too injured to fight recklessly!
You are too injured to fight recklessly!
You are too injured to fight recklessly!
You are too injured to fight recklessly!
You are too injured to fight recklessly!
You are too injured to fight recklessly!
You are too injured to fight recklessly!
You are too injured to fight recklessly!
You are too injured to fight recklessly!
You are too injured to fight recklessly!
You are too injured to fight recklessly!
You scratch the jackal.
The jackal is lightly wounded.
The jackal bites you. The jackal closely misses you.
You closely miss the jackal. Your bite misses the jackal.
The jackal is lightly wounded.
The jackal bites you.
* * * LOW HITPOINT WARNING * * *
You barely miss the jackal.
The jackal is lightly wounded.
The jackal bites you but does no damage.
The jackal misses you. The jackal barely misses you. The jackal bites you.
* * * LOW HITPOINT WARNING * * *
You aren't carrying any potions.
You barely miss the jackal. The jackal misses you.
You barely miss the jackal. Your bite misses the jackal. The jackal misses you.
You closely miss the jackal. The jackal barely misses you.
The jackal misses you.
You closely miss the jackal. The jackal bites you.
* * * LOW HITPOINT WARNING * * *
You scratch the jackal.
The jackal is moderately wounded.
The jackal closely misses you. The jackal barely misses you.
The jackal closely misses you. The jackal bites you.
You die...

......########........#
......# #.#.######
......# #.#.# ......#
#h#.# ......# #h#.#
.###### #.#h#
.#############.#h#
.....K.....h...#h#
.###############@# .#
#.# .# #.#
################.#
.................#
##################


You could see 3 jackals.

Vanquished Creatures
  An adder (D:2)
  A dart slug (D:1)
  5 endoplasms (D:1)
  A giant cockroach (D:1)
  2 goblins
  2 hobgoblins
  A jackal (D:2)
  A kobold (D:1)
  2 quokkas (D:1)
  A ball python (D:1)
  4 bats (D:1)
  3 frilled lizards (D:1)
  2 rats (D:2)
26 creatures vanquished.

Notes
Turn   | Place    | Note
-------+----------+-------------------------------------------
     0 | D:1      | Descartes the Felid Warper began the quest for the Orb.
     0 | D:1      | Reached XP level 1. HP: 9/9 MP: 4/4
   492 | D:1      | Reached skill level 1 in Stealth
   492 | D:1      | Reached XP level 2. HP: 13/13 MP: 6/6
   719 | D:1      | Found a faded altar of an unknown god.
  1704 | D:2      | Reached XP level 3. HP: 6/16 MP: 7/7
  2181 | D:2      | Found a shimmering altar of Xom.
  2261 | D:2      | Slain by a jackal

Illustrated notes

Levels and vault maps discovered:
D:1:      onia_arrival_mini_spirals, layout_loops_ring,
          chequers_ecumenical_altar_island
D:2:      layout_basic, basic_altar

Skill      XL: |  1  2 |
---------------+-------+-----
Stealth        | 1 |  1.7
Dodging        | 4 |  4.1
Fighting       | |  2.0
Unarmed Combat | |  2.8
Spellcasting   | |  2.0
Translocations | |  4.4

Action                   || total
-------------------------++-------
Melee: Unarmed           ||   111
       Bite              ||     9
  Use: Potion            ||     1
 Stab: Sleeping          ||     2
Armor: Skin              ||     6
Dodge: Dodged            ||    96
